 Dungeon Crawl Stone Soup version 0.32-a0-338-g4f8ebfe289 (webtiles) character file.

Game seed: 15277997776398075494

28725 Bnni the Severer (level 13, -5/122 HPs)
             Began as a Mountain Dwarf Fighter on Feb 17, 2024.
             Was an Elder of Beogh.
             Shot with an arrow by a centaur warrior (12 damage)
             ... on level 12 of the Dungeon.
             The game lasted 00:29:46 (13157 turns).

Bnni the Severer (Mountain Dwarf Fighter)          Turns: 13157, Time: 00:29:47

Health: -5/122     AC: 21    Str: 25    XL:     13   Next: 11%
Magic:  0/32       EV:  7    Int:  8    God:    Beogh [****..]
Gold:   688        SH:  4    Dex:  9    Spells: 5/12 levels left

rFire   . . .        F - +2 demon trident (venom)
rCold   . . .        c - +0 buckler
rNeg    . . .        s - +4 plate armour
rPois   +            (no helmet)
rElec   .            (no cloak)
rCorr   .            Q - +2 pair of gloves {Stlth+}
SInv    .            i - +0 pair of boots
Will    +....        w - amulet of guardian spirit Stlth
                     u - ring of poison resistance
HPRegen 0.40/turn    E - ring of magical power
MPRegen 0.23/turn

%: guardian spirit
@: about to teleport
A: runic magic, artefact enchanting
a: Renounce Religion, Smiting, Recall Apostles, Dismiss Ognian, wizard, Dismiss
Morun, priest


You were on level 12 of the Dungeon.
You worshipped Beogh.
Beogh was greatly pleased with you.
You visited 1 branch of the dungeon, and saw 12 of its levels.
You also visited: Sewer.

You collected 688 gold pieces.

Inventory:

Hand Weapons
 e - a +4 dire flail of protection
 o - a +1 whip of venom
 F - a +2 demon trident of venom (weapon)
Missiles
 y - 22 poisoned darts (quivered)
Armour
 c - a +0 buckler (worn)
 i - a +0 pair of boots (worn)
 s - a +4 plate armour (worn)
 x - +0 fire dragon scales
 Q - a +2 pair of gloves of stealth (worn)
Jewellery
 n - a ring of protection from fire
 u - a ring of poison resistance (left hand)
 w - an amulet of guardian spirit (around neck)
 E - a ring of magical power (right hand)
 J - a ring of positive energy
 O - a ring of fire
Wands
 z - a wand of roots (21)
 G - a wand of acid (6)
 K - a wand of charming (3)
Scrolls
 f - 4 scrolls of revelation
 j - 4 scrolls of fog
 k - 7 scrolls of teleportation
 m - a scroll of brand weapon
 p - 2 scrolls of enchant weapon {unknown}
 t - 3 scrolls of fear {unknown}
 A - a scroll of enchant armour
 H - 2 scrolls of immolation
 I - 2 scrolls of vulnerability
 M - a scroll of blinking {unknown}
Potions
 b - a potion of berserk rage
 d - a potion of might
 g - 4 potions of attraction
 h - 2 potions of mutation {unknown}
 l - 3 potions of curing
 q - a potion of cancellation
 r - 4 potions of haste
 v - 3 potions of lignification
 B - 2 potions of magic
 C - a potion of invisibility {unknown}
 D - a potion of resistance
 L - a potion of enlightenment


   Skills:
 + Level 13.3 Fighting
 - Level 18.0 Axes
 + Level 6.3 Armour
 - Level 3.2 Shields
 + Level 13.5 Invocations


You had 5 spell levels left.
You knew the following spells:

 Your Spells              Type           Power      Damage    Failure   Level
a - Animate Armour        Summ/Erth      0%         N/A       100%        4
b - Fugue of the Fallen   Necr           0%         N/A       96%         3

Your spell library contained the following spells:

 Spells                   Type           Power      Damage    Failure   Level
 Necrotise                Necr           0%         1d4       69%         1
 Sting                    Conj/Alch      0%         1d3       69%         1
 Lesser Beckoning         Tloc           0%         N/A       83%         2
 Mercury Vapours          Alch/Air       0%         N/A       83%         2
 Dazzling Flash           Conj/Hex       0%         N/A       96%         3
 Gell's Gravitas          Tloc           0%         N/A       96%         3
 Mephitic Cloud           Conj/Alch/Air  0%         N/A       96%         3
 Ozocubu's Armour         Ice            0%         N/A       96%         3
 Teleport Other           Tloc           0%         N/A       96%         3
 Vampiric Draining        Necr           0%         2d6       96%         3
 Manifold Assault         Tloc           0%         N/A       100%        4
 Martyr's Knell           Necr/Summ      0%         N/A       100%        4
 Sticky Flame             Fire/Alch      0%         2d4       100%        4
 Curse of Agony           Necr           0%         N/A       100%        5
 Irradiate                Conj/Alch      0%         3d11      100%        5
 Silence                  Hex/Air        0%         N/A       100%        5


Dungeon Overview and Level Annotations

Branches:
Dungeon (12/15)            Temple (0/1) D:6            Lair (0/5) D:11
    Orc (0/2) D:10          Sewer (visited)

Altars:
Dithmenos
Nemelex Xobeh
Okawaru
Qazlal
Ru
Uskayaw
Vehumet
Xom
Zin
The Shining One

Annotations:
D:12 Jorgrun


Innate Abilities, Weirdness & Mutations

Your facial features look somewhat orcish.
Your spellcasting is much less encumbered by armour.
You can use scrolls of enchantment on lesser artefacts.


Message History

The centaur warrior hits you.
The centaur warrior kicks you but does no damage.
Unknown command.
You puncture the centaur warrior!
The centaur warrior looks as sick as possible!
The centaur warrior is heavily wounded.
The deep elf archer casts a spell.
The deep elf archer blinks!
The centaur warrior hits you but does no damage.
The centaur warrior kicks you but does no damage.
You closely miss the centaur warrior.
The centaur warrior is severely wounded.
The centaur warrior shoots an arrow.
The arrow hits you!
* * * LOW HITPOINT WARNING * * *
Jorgrun casts a spell next to you.
The metal wall shatters!
The blast of metal fragments hits you but does no damage.
The deep elf archer unwields a +0 short sword.
The deep elf archer wields a +0 shortbow.
The deep elf archer shoots an arrow.
The arrow hits you!
* * * LOW HITPOINT WARNING * * *
You hear a shout! x2
Unknown command.
As you read the scroll of fog, it dissolves into smoke.
The centaur warrior hits you.
* * * LOW HITPOINT WARNING * * *
The centaur warrior kicks you but does no damage.
The centaur warrior shoots an arrow.
The arrow hits you!
* * * LOW HITPOINT WARNING * * *
The centaur warrior hits you but does no damage.
The centaur warrior kicks you but does no damage.
Unknown command.
As you read the scroll of teleportation, it crumbles to dust.
You feel strangely unstable.
The centaur warrior shoots an arrow.
The arrow hits you!
* * * LOW HITPOINT WARNING * * *
The centaur warrior hits you but does no damage.
The centaur warrior kicks you but does no damage.
The centaur warrior shoots an arrow.
The arrow hits you!
You die...

# #.....#.# ### #.....#.###
..' #.........# . #.#
#......##.# #.g ##.#
##§#..###.#
#...##..#####§...# #.#
.......gß#§§#.#..# #.#####
.....))oc§c§§..e.###.....#
.....o†.ß#@§#.#...##...<.##
#...##!.#####§...÷[...)....
#.. ##.# #v#...#.....##. .
#.# #......#####..#. ..'
#......# ##... ###
#......## #### #
#..........##### ###
#......# #......
..############
........###..###.


You could see Jorgrun (target of vengeance) and 2 centaur warriors.

Vanquished Creatures
  Snorg (D:12)
  Josephine (D:11)
  7 two-headed ogres
  2 boulder beetles
  3 centaur warriors (D:11)
  Pikel (D:5)
  Maurice (D:12)
  A meliai (D:11)
  2 cyclopes (D:11)
  A meliai (shapeshifter) (D:11)
  Joseph (D:8)
  A gargoyle (D:11)
  Jeremiah (D:8)
  An unseen horror (D:11)
  2 komodo dragons (D:11)
  A kobold demonologist (D:11)
  5 trolls
  Prince Ribbit (D:5)
  Grinder (D:5)
  A slime creature (D:11)
  A spriggan (D:7)
  5 wyverns
  5 wraiths
  2 shadows
  A human (D:10)
  26 yaks
  A vampire mosquito (D:11)
  A basilisk (D:11)
  2 wargs (D:10)
  Menkaure (D:5)
  Edmund (D:4)
  3 acid dragons
  A water moccasin (D:6)
  2 ice beasts (D:7)
  4 sky beasts
  A black bear (D:3)
  5 orc warriors
  A wolf (D:11)
  6 centaurs
  3 ogres
  A lemure (D:5)
  3 bullfrogs
  A kobold brigand (D:7)
  9 wights
  An electric eel (D:9)
  3 howler monkeys
  2 bombardier beetles (D:4)
  2 gnoll boudas
  A hound (D:4)
  2 jellies (D:7)
  6 orc priests
  12 orc wizards
  Ijyb (D:5)
  Terence (D:2)
  2 iguanas
  A hell rat (Sewer)
  A boggart simulacrum (D:11)
  16 gnolls
  A river rat (Sewer)
  8 adders
  A shadow imp (D:7)
  2 white imps (D:7)
  2 ufetubi (D:6)
  2 dart slugs
  3 ribbon worms (D:4)
  24 orcs
  6 ball pythons
  2 bats
  4 endoplasms
  A giant cockroach (D:4)
  6 goblins
  10 hobgoblins
  8 jackals
  3 quokkas
  2 frilled lizards (D:1)
  9 kobolds
  16 rats
282 creatures vanquished.

Vanquished Creatures (collateral kills)
  A centaur warrior (D:12)
  A two-headed ogre (D:12)
  Urug (D:12)
  A cyclops (D:12)
  An unseen horror (D:11)
  2 trolls (D:11)
  A shadow (D:12)
  3 wraiths
  An orc warrior (D:12)
  A wolf (D:11)
  3 orc wizards (D:11)
16 creatures vanquished.

Vanquished Creatures (others)
  3 orc apostles
  4 orc warriors (D:12)
  An orc wizard (D:10)
  An orc (D:11)
  52 foxfires
61 creatures vanquished.

Grand Total: 359 creatures vanquished

Notes
Turn   | Place    | Note
-------+----------+-------------------------------------------
     0 | D:1      | Bnni the Mountain Dwarf Fighter began the quest for the
                  | Orb.
     0 | D:1      | Reached XP level 1. HP: 19/19 MP: 1/1
    84 | D:1      | Reached skill level 3 in Axes
    84 | D:1      | Reached XP level 2. HP: 7/26 MP: 2/2
   552 | D:1      | Reached XP level 3. HP: 33/33 MP: 3/3
  1216 | D:2      | Noticed Terence
  1219 | D:2      | Reached skill level 4 in Axes
  1228 | D:2      | Killed Terence
  1342 | D:2      | Reached XP level 4. HP: 37/40 MP: 4/4
  1505 | D:3      | Noticed a black bear
  1516 | D:3      | Killed a black bear
  1517 | D:3      | Reached skill level 5 in Axes
  1517 | D:3      | Reached XP level 5. HP: 32/47 MP: 5/5
  1631 | D:3      | Found a hide-covered altar of Uskayaw.
  1748 | D:3      | Reached skill level 6 in Axes
  1945 | D:3      | Reached skill level 5 in Fighting
  2349 | D:4      | Noticed Edmund
  2368 | D:4      | HP: 2/72 [Edmund/+4 dire flail of protection (7)]
  2373 | D:4      | Killed Edmund
  2374 | D:4      | Reached XP level 6. HP: 4/56 MP: 6/6
  2581 | D:4      | Reached skill level 7 in Axes
  2649 | D:4      | Identified the +1 scimitar of Hubris {elec, Str+3}
  2694 | D:4      | Reached XP level 7. HP: 62/62 MP: 7/7
  2694 | D:4      | Identified the +4 dagger "Koitos" {flame, rElec rN+ rCorr
                  | Str+3}
  2736 | D:4      | Reached skill level 8 in Axes
  2878 | D:4      | Found a glowing drain.
  2888 | Sewer    | Entered a sewer
  3546 | D:4      | Noticed an angel
  3547 | D:4      | Found a glowing silver altar of Zin.
  3589 | D:4      | Found a sparkling altar of Nemelex Xobeh.
  3791 | D:5      | Entered Level 5 of the Dungeon
  3810 | D:5      | Noticed Menkaure
  3883 | D:5      | Killed Menkaure
  3884 | D:5      | Reached skill level 9 in Axes
  4109 | D:5      | Reached XP level 8. HP: 71/71 MP: 8/8
  4134 | D:5      | Noticed Ijyb
  4140 | D:5      | Killed Ijyb
  4264 | D:5      | Identified the +2 robe of the Merwolf {Will+ Slay+2}
  4333 | D:5      | Became a worshipper of Beogh the Shepherd
  4430 | D:5      | You fall into a shaft and drop 2 floors!
  4449 | D:7      | Found a glowing golden altar of the Shining One.
  4478 | D:7      | Reached skill level 1 in Invocations
  4653 | D:5      | Noticed Grinder
  4653 | D:5      | Noticed Prince Ribbit
  4670 | D:5      | Killed Prince Ribbit
  4671 | D:5      | Reached skill level 10 in Axes
  4678 | D:5      | Killed Grinder
  4954 | D:5      | Noticed Pikel
  4977 | D:5      | Killed Pikel
  4978 | D:5      | Reached skill level 11 in Axes
  4978 | D:5      | Reached XP level 9. HP: 66/81 MP: 7/12
  5241 | D:6      | Found a staircase to the Ecumenical Temple.
  5308 | D:6      | Found a radiant altar of Vehumet.
  5414 | D:6      | Reached skill level 5 in Invocations
  5775 | D:6      | Reached skill level 12 in Axes
  6001 | D:7      | Noticed a two-headed ogre
  6004 | D:7      | Noticed a two-headed ogre
  6011 | D:7      | Killed a two-headed ogre
  6019 | D:7      | Killed a two-headed ogre
  6020 | D:7      | Reached skill level 13 in Axes
  6020 | D:7      | Reached XP level 10. HP: 34/91 MP: 8/15
  6059 | D:7      | Reached * piety under Beogh
  6241 | D:7      | Found the +8 pair of quick blades "Gyre" and "Gimble"
                  | {protect}
  7239 | D:8      | Noticed a two-headed ogre
  7297 | D:7      | Killed a two-headed ogre
  7298 | D:7      | Reached skill level 14 in Axes
  7554 | D:8      | Noticed Joseph
  7565 | D:7      | Reached skill level 10 in Fighting
  7670 | D:8      | Killed Joseph
  7858 | D:8      | Noticed Jeremiah
  7873 | D:8      | Killed Jeremiah
  8464 | D:9      | Found a sacrificial altar of Ru.
  8631 | D:9      | Reached XP level 11. HP: 96/101 MP: 17/17
  8638 | D:9      | Found a shadowy altar of Dithmenos.
  8719 | D:9      | Found a shimmering altar of Xom.
  8817 | D:9      | Reached skill level 15 in Axes
  8864 | D:9      | Reached ** piety under Beogh
  9323 | D:10     | Entered Level 10 of the Dungeon
  9758 | D:10     | Found a staircase to the Orcish Mines.
  9805 | D:10     | Noticed a two-headed ogre
  9813 | D:10     | Killed a two-headed ogre
  9814 | D:10     | Reached skill level 10 in Invocations
  9829 | D:10     | Got the Meditations on Support and Substances
  9883 | D:10     | Learned a level 4 spell: Animate Armour
  9887 | D:10     | Learned a level 3 spell: Fugue of the Fallen
 10155 | D:10     | Found a stormy altar of Qazlal.
 10323 | D:10     | Noticed a two-headed ogre
 10330 | D:10     | Killed a two-headed ogre
 10331 | D:10     | Reached skill level 16 in Axes
 10514 | D:11     | Noticed a soul eater
 10526 | D:11     | Noticed a sun demon
 10574 | D:11     | Noticed a two-headed ogre
 10603 | D:11     | Reached *** piety under Beogh
 10606 | D:11     | Killed a two-headed ogre
 10660 | D:11     | Reached XP level 12. HP: 30/111 MP: 12/20
 10758 | D:11     | Identified the +5 dagger of Duicly {antimagic, rN++}
 10776 | D:11     | Anointed Ognian the wizard as your apostle
 11062 | D:11     | Reached skill level 17 in Axes
 11210 | D:11     | Noticed a centaur warrior
 11223 | D:11     | Killed a centaur warrior
 11224 | D:11     | Your ally Ognian died
 11393 | D:11     | Noticed a centaur warrior
 11393 | D:11     | Noticed a centaur warrior
 11393 | D:11     | Noticed a boulder beetle
 11414 | D:11     | Killed a centaur warrior
 11440 | D:11     | Killed a boulder beetle
 11513 | D:11     | Killed a centaur warrior
 11559 | D:11     | Anointed Morun the priest as your apostle
 11817 | D:11     | Identified the +4 sling "Orb Guardian's Bane" {drain, rC++
                  | Str+5}
 11864 | D:11     | Reached skill level 18 in Axes
 12004 | D:11     | Noticed Josephine
 12010 | D:11     | Killed Josephine
 12166 | D:11     | Found a staircase to the Lair.
 12167 | D:11     | Noticed a two-headed ogre
 12188 | D:11     | Killed a two-headed ogre
 12191 | D:11     | Reached **** piety under Beogh
 12366 | D:11     | Reached skill level 5 in Armour
 12584 | D:12     | Noticed Urug
 12586 | D:12     | Noticed Snorg
 12588 | D:12     | Killed Urug
 12602 | D:12     | Killed Snorg
 12911 | D:12     | Noticed a boulder beetle
 12934 | D:12     | Killed a boulder beetle
 12935 | D:12     | Reached XP level 13. HP: 122/122 MP: 22/22
 12964 | D:12     | Noticed Maurice
 12968 | D:12     | Maurice stole a ring of protection from fire
 12976 | D:12     | Killed Maurice
 13026 | D:12     | Found an iron altar of Okawaru.
 13144 | D:12     | Your ally Ognian died
 13146 | D:12     | Noticed Jorgrun
 13147 | D:12     | Your ally Morun died
 13157 | D:12     | Shot with an arrow by a centaur warrior

Illustrated notes

Levels and vault maps discovered:
D:1:      dpeg_arrival_rhombus, layout_loops_corners
D:2:      layout_rooms, uniq_terence
D:3:      layout_loops_cross, pf_just_have_faith
D:4:      minmay_chambers_of_fours, layout_basic, kennysheep_mini, zin_angel,
          cheibrodos_sewer_entry_sluice, uniq_edmund
D:5:      layout_cave_pods, uniq_pikel, uniq_menkaure, uniq_ijyb,
          uniq_prince_ribbit1, uniq_grinder
D:6:      layout_gridville, nicolae_vehumet_radiance,
          minmay_temple_entry_offerings, minmay_misc_feat_pillars
D:7:      layout_loops_ring, mainiacjoe_overflow_small_starburst,
          hellmonk_guarded_unrand_gyre_and_gimble
D:8:      layout_rooms, uniq_joseph, uniq_jeremiah
D:9:      layout_rooms, marbit_many_paths, nicolae_dithmenos_the_darkroom,
          lemuel_doored_altar, minivault_4, interstate_on_off
D:10:     layout_stronghold, mainiacjoe_overflow_alcove_4, erik_orc_4
D:11:     minmay_the_grid_triangle_9x9_rhombus_full_mashed
          [minmay_the_grid_triangle_9x9_zippers_horizontal,
          minmay_the_grid_triangle_9x9_windchime,
          minmay_the_grid_triangle_9x9_checkered,
          minmay_the_grid_triangle_9x9_sprig,
          minmay_the_grid_triangle_9x9_pentomino_pain,
          minmay_the_grid_triangle_9x9_alien,
          minmay_the_grid_triangle_9x9_steps,
          minmay_the_grid_triangle_9x9_prize_top_heavy], layout_rooms,
          erik_lair_orcish_takeover, uniq_josephine
D:12:     evilmike_iron_armoury, layout_rooms, ebering_ghost_rock_garden,
          serial_shops, nicolae_shop_tiny_glass, uniq_maurice, uniq_jorgrun,
          uniq_snorg, uniq_urug

Skill      XL: |  1  2  3  4  5  6  7  8  9 10 11 12 13 |
---------------+----------------------------------------+-----
Axes           | 3 4 5 6 7 9 11 13 14 16 18 | 18.0
Fighting       | 4 5 6 7 9 10 11 13 | 13.3
Invocations    | 4 6 9 11 13 | 13.5
Armour         | 5 6 |  6.3
Shields        | |  3.2

Action                     |  1- 3 |  4- 6 |  7- 9 | 10-12 | 13-15 || total
---------------------------+-------+-------+-------+-------+-------++-------
  Melee: War axe           |    60 |    43 |       |       |       ||   103
         Whip              |       |    45 |       |    12 |       ||    57
         Dire flail        |       |    38 |   263 |   704 |       ||  1005
         Unarmed           |       |     1 |       |       |       ||     1
         Demon trident     |       |       |       |    18 |    31 ||    49
  Throw: Dart              |       |       |     4 |    11 |       ||    15
 Invoke: Convert to Beogh  |       |       |     1 |       |       ||     1
         Recruit Apostle   |       |       |       |     2 |       ||     2
         Recall Apostles   |       |       |       |     1 |       ||     1
  Evoke: Wand              |       |       |     1 |     6 |       ||     7
    Use: Scroll            |     3 |     4 |     6 |     3 |     2 ||    18
         Potion            |       |     2 |     1 |     3 |       ||     6
   Stab: Distracted        |       |       |       |     1 |       ||     1
 Armour: Scale mail        |    47 |    85 |   229 |   240 |       ||   601
         Skin              |       |     3 |     3 |       |       ||     6
         Plate armour      |       |       |       |   504 |    53 ||   557
  Dodge: Dodged            |    23 |    59 |   110 |   211 |     3 ||   406
  Block: Buckler           |    14 |    19 |       |     1 |     3 ||    37

Table legend: (Time is in decaauts)
 A = Elapsed time spent in this place.
 B = Non-inter-level travel time spent in this place.
 C = Inter-level travel time spent in this place.
 D = Time resting spent in this place.
 E = Time spent auto-exploring this place.
 F = Levels seen in this place.
 G = Mean time per level.
                   A        B        C        D        E       F      G
               +--------+--------+--------+--------+--------+-----+--------+
         Total |  13073 |  12688 |    385 |   2179 |   8087 |  13 | 1005.6 |
       Dungeon |  12775 |  12390 |    385 |   1994 |   8054 |  12 | 1064.6 |
         Sewer |    297 |    297 |      0 |    185 |     33 |   1 |  297.0 |
               +--------+--------+--------+--------+--------+-----+--------+

Top non-repeatable levels by time:
    D:11: 1894 daAuts
     D:7: 1684 daAuts
    D:10: 1395 daAuts
     D:4: 1220 daAuts
     D:9: 1192 daAuts
     D:5: 1138 daAuts
     D:1: 963 daAuts
     D:3: 898 daAuts
     D:6: 886 daAuts
     D:8: 539 daAuts
     D:2: 520 daAuts
    D:12: 441 daAuts
   Sewer: 297 daAuts
